General information
- name: BNet
- type: Ladder team game (AT/RT)
- host: Battle.net
- saver: JakesBigOlMoobs
map: Deadlands
- players: 8
- length: 46:35
- speed: Fast
- version: 1.26 W3XP
- replay type: Public
» download(256 KB)
Players
team 1 (loser)

»
p-0-p (
teal | 55 APM | 2552 actions | 46:03)
3 Death Knight
2 Death Coil
1 Unholy Aura
2 Lich
1 Frost Nova
1 Dark Ritual
1 Archmage
1 Brilliance Aura
» actions
| Assign group hotkey | 185 | |
| Basic commands | 82 | |
| Build / train | 65 | |
| ESC pressed | 8 | |
| Enter build submenu | 25 | |
| Enter hero's abilities submenu | 6 | |
| Give item / drop item | 1 | |
| Remove unit from queue | 1 | |
| Right click | 807 | |
| Select / deselect | 598 | |
| Select group hotkey | 600 | |
| Use ability | 173 | |
2552 total
» units
| Acolyte | 3 | |
| Ghoul | 4 | |
| Crypt Fiend | 10 | |
| Obsidian Statue | 2 | |
| Dragonhawk Rider | 7 | |
| Rifleman | 4 | |
| Priest | 2 | |
| Knight | 1 | |
| Peasant | 8 | |
41 total
» upgrades
| Web | 1 | |
| Creature Attack | 1 | |
| Creature Carapace | 2 | |
| Destroyer Form | 1 | |
| Long Rifles | 1 | |
| Cloud | 1 | |
7 total
» buildings
| Graveyard | 1 | |
| Ziggurat | 6 | |
| Altar of Darkness | 1 | |
| Crypt | 1 | |
| Tomb of Relics | 1 | |
| Halls of the Dead | 1 | |
| Black Citadel | 3 | |
| Sacrificial Pit | 1 | |
| Slaughterhouse | 1 | |
| Boneyard | 1 | |
| Necropolis | 1 | |
| Gryphon Aviary | 1 | |
| Farm | 5 | |
| Town Hall | 1 | |
25 total
» build order
03:46 Graveyard
03:48 Ziggurat
04:12 Altar of Darkness
04:14 Ziggurat
04:29 Crypt
04:45 Ziggurat
05:05 Ziggurat
05:17 Tomb of Relics
06:23 Halls of the Dead
08:47 Black Citadel
09:50 Sacrificial Pit
11:54 Slaughterhouse
12:33 Boneyard
12:56 Ziggurat
13:21 Ziggurat
13:43 Necropolis
16:06 Gryphon Aviary
19:18 Farm
19:20 Farm
19:51 Farm
19:51 Farm
20:30 Farm
24:02 Town Hall
» items
| Rod of Necromancy | 1 | |
| Orb of Corruption | 1 | |
| Scroll of Town Portal | 1 | |
| Scroll of Regeneration | 1 | |
4 total
FKNSLOWA.SSJAKE (
red | 95 APM | 4420 actions | 46:33)
10 Archmage
3 Summon Water Elemental
3 Brilliance Aura
1 Mass Teleport
3 Blizzard
» actions
| Assign group hotkey | 148 | |
| Basic commands | 165 | |
| Build / train | 210 | |
| ESC pressed | 5 | |
| Enter build submenu | 71 | |
| Enter hero's abilities submenu | 10 | |
| Give item / drop item | 7 | |
| Right click | 1542 | |
| Select / deselect | 500 | |
| Select group hotkey | 1341 | |
| Use ability | 421 | |
4420 total
» units
| Peasant | 25 | |
| Footman | 9 | |
| Goblin Shredder | 3 | |
| Dragonhawk Rider | 8 | |
| Goblin Sapper | 13 | |
| Goblin Zeppelin | 6 | |
| Gryphon Rider | 7 | |
| Siege Engine | 1 | |
72 total
» upgrades
| Masonry | 3 | |
| Swords | 3 | |
| Armor | 3 | |
| Lumber Harvesting | 2 | |
| Storm Hammers | 1 | |
| Cloud | 1 | |
| Animal War Training | 1 | |
| Barrage | 1 | |
| Flak Cannons | 1 | |
| Flying Machine Bombs | 1 | |
| Fragmentation Shards | 1 | |
| Plating | 3 | |
| Gunpowder | 3 | |
| Flare | 1 | |
| Long Rifles | 1 | |
| Defend | 1 | |
27 total
» buildings
| Altar of Kings | 1 | |
| Barracks | 1 | |
| Farm | 11 | |
| Arcane Vault | 1 | |
| Lumber Mill | 1 | |
| Scout Tower | 34 | |
| Arcane Tower | 2 | |
| Town Hall | 6 | |
| Guard Tower | 51 | |
| Keep | 3 | |
| Blacksmith | 1 | |
| Gryphon Aviary | 3 | |
| Castle | 4 | |
| Workshop | 8 | |
| Cannon Tower | 2 | |
129 total
» build order
00:45 Altar of Kings
00:47 Barracks
00:51 Farm
01:08 Farm
01:31 Farm
01:48 Arcane Vault
02:00 Lumber Mill
02:29 Farm
02:55 Scout Tower
02:56 Scout Tower
03:03 Scout Tower
04:06 Arcane Tower
04:07 Arcane Tower
04:25 Town Hall
04:27 Scout Tower
04:29 Scout Tower
04:58 Guard Tower
04:58 Guard Tower
04:58 Guard Tower
05:13 Farm
05:42 Guard Tower
05:43 Guard Tower
05:43 Guard Tower
05:55 Keep
05:55 Keep
06:17 Blacksmith
06:22 Scout Tower
06:23 Scout Tower
06:24 Scout Tower
06:25 Scout Tower
06:28 Scout Tower
06:55 Guard Tower
06:55 Guard Tower
07:00 Guard Tower
07:01 Guard Tower
07:01 Guard Tower
07:01 Guard Tower
08:16 Gryphon Aviary
08:21 Gryphon Aviary
08:31 Farm
08:32 Farm
08:34 Farm
09:39 Castle
09:39 Castle
09:39 Castle
09:48 Scout Tower
09:51 Scout Tower
09:52 Scout Tower
09:53 Scout Tower
09:55 Scout Tower
10:21 Guard Tower
10:21 Guard Tower
10:22 Guard Tower
10:23 Guard Tower
10:23 Guard Tower
10:24 Guard Tower
10:25 Guard Tower
10:31 Guard Tower
10:55 Guard Tower
10:55 Guard Tower
11:48 Scout Tower
11:50 Scout Tower
11:51 Scout Tower
11:52 Scout Tower
12:29 Guard Tower
12:29 Guard Tower
19:59 Gryphon Aviary
20:01 Farm
20:01 Farm
35:06 Workshop
35:08 Workshop
35:09 Workshop
35:10 Workshop
35:13 Workshop
35:14 Workshop
35:15 Workshop
35:17 Workshop
35:36 Town Hall
36:57 Town Hall
37:02 Scout Tower
37:02 Scout Tower
37:03 Scout Tower
37:06 Scout Tower
37:07 Scout Tower
37:41 Guard Tower
37:41 Guard Tower
37:41 Guard Tower
37:56 Guard Tower
37:56 Guard Tower
37:56 Guard Tower
38:05 Scout Tower
38:06 Scout Tower
38:08 Scout Tower
38:09 Scout Tower
38:22 Town Hall
38:23 Scout Tower
38:24 Scout Tower
38:25 Scout Tower
38:26 Scout Tower
38:32 Town Hall
38:35 Scout Tower
38:57 Scout Tower
39:01 Farm
39:13 Guard Tower
39:13 Guard Tower
39:21 Guard Tower
39:21 Guard Tower
39:21 Guard Tower
39:22 Guard Tower
39:23 Guard Tower
39:37 Guard Tower
39:37 Guard Tower
40:43 Guard Tower
40:43 Guard Tower
40:46 Cannon Tower
40:46 Cannon Tower
46:26 Town Hall
» items
| Scroll of Regeneration | 10 | |
| Mechanical Critter | 5 | |
| Lesser Clarity Potion | 2 | |
| Staff of Teleportation | 1 | |
| Scroll of Town Portal | 2 | |
| Potion of Healing | 3 | |
| Staff of Sanctuary | 1 | |
24 total
Wullfii (
green | 29 APM | 1020 actions | 35:31)
5 Warden
1 Fan of Knives
3 Blink
1 Shadow Strike
1 Paladin
1 Holy Light
» actions
| Build / train | 103 | |
| Enter build submenu | 36 | |
| Enter hero's abilities submenu | 6 | |
| Give item / drop item | 2 | |
| Remove unit from queue | 9 | |
| Right click | 342 | |
| Select / deselect | 440 | |
| Use ability | 79 | |
1020 total
» units
| Wisp | 22 | |
| Archer | 20 | |
| Huntress | 15 | |
| Draenei Disciple | 1 | |
| Glaive Thrower | 1 | |
| Peasant | 3 | |
62 total
» upgrades
| Ultravision | 1 | |
| Strength of the Moon | 2 | |
| Moon Armor | 2 | |
| Strength of the Wild | 1 | |
| Reinforced Hides | 1 | |
| Improved Bows | 1 | |
| Sentinel | 1 | |
| Backpack | 1 | |
| Abolish Magic | 1 | |
| Hippogryph Taming | 1 | |
| Marksmanship | 1 | |
| Upgrade Moon Glaive | 1 | |
| Druid of the Claw Training | 1 | |
| Hardened Skin | 1 | |
| Resistant Skin | 1 | |
| Well Spring | 1 | |
| Priest Training | 1 | |
19 total
» buildings
| Altar of Elders | 1 | |
| Moon Well | 9 | |
| Ancient of War | 3 | |
| Hunter's Hall | 1 | |
| Ancient of Wonders | 1 | |
| Ancient Protector | 13 | |
| Tree of Ages | 1 | |
| Ancient of Lore | 1 | |
| Tree of Eternity | 1 | |
| Ancient of Wind | 1 | |
| Chimaera Roost | 1 | |
| Tree of Life | 1 | |
34 total
» build order
00:10 Altar of Elders
00:17 Moon Well
01:18 Ancient of War
01:43 Moon Well
02:49 Hunter's Hall
03:08 Moon Well
04:06 Ancient of Wonders
04:55 Moon Well
06:12 Moon Well
07:14 Moon Well
08:15 Ancient Protector
08:20 Ancient Protector
08:25 Moon Well
08:40 Tree of Ages
09:23 Moon Well
11:40 Moon Well
12:52 Ancient of Lore
13:00 Ancient Protector
13:08 Ancient Protector
15:03 Ancient of War
16:20 Tree of Eternity
16:31 Ancient of Wind
19:12 Ancient Protector
19:18 Ancient Protector
19:30 Ancient Protector
19:42 Ancient Protector
20:05 Ancient Protector
20:13 Ancient Protector
21:36 Chimaera Roost
23:16 Ancient of War
24:55 Tree of Life
25:03 Ancient Protector
25:07 Ancient Protector
26:58 Ancient Protector
» items
| Orb of Fire | 1 | |
| Scroll of Town Portal | 1 | |
| Scroll of Healing | 1 | |
| Boots of Speed | 1 | |
4 total
MiniZ (
blue | 40 APM | 633 actions | 15:51)
3 Paladin
1 Holy Light
1 Divine Shield
1 Devotion Aura
2 Archmage
1 Summon Water Elemental
1 Blizzard
2 Mountain King
1 Storm Bolt
1 Thunder Clap
» actions
| Build / train | 82 | |
| Enter build submenu | 40 | |
| Enter hero's abilities submenu | 8 | |
| Give item / drop item | 3 | |
| Right click | 181 | |
| Select / deselect | 245 | |
| Use ability | 74 | |
633 total
» units
| Peasant | 22 | |
| Footman | 3 | |
| Priest | 3 | |
| Knight | 2 | |
| Dragonhawk Rider | 4 | |
34 total
» upgrades
| Masonry | 2 | |
| Lumber Harvesting | 1 | |
| Priest Training | 1 | |
| Animal War Training | 1 | |
| Swords | 1 | |
| Armor | 1 | |
7 total
» buildings
| Altar of Kings | 1 | |
| Farm | 9 | |
| Barracks | 1 | |
| Lumber Mill | 1 | |
| Arcane Vault | 2 | |
| Scout Tower | 18 | |
| Arcane Tower | 3 | |
| Keep | 1 | |
| Town Hall | 1 | |
| Blacksmith | 1 | |
| Guard Tower | 13 | |
| Castle | 1 | |
| Arcane Sanctum | 1 | |
| Gryphon Aviary | 1 | |
54 total
» build order
00:25 Altar of Kings
00:39 Farm
01:08 Barracks
01:23 Farm
01:35 Lumber Mill
01:54 Arcane Vault
02:04 Farm
02:38 Scout Tower
02:50 Farm
03:27 Arcane Tower
03:37 Farm
04:50 Keep
05:26 Town Hall
05:31 Scout Tower
05:52 Blacksmith
05:57 Scout Tower
06:04 Scout Tower
06:05 Arcane Tower
06:40 Guard Tower
07:12 Scout Tower
07:38 Castle
07:59 Arcane Sanctum
08:01 Guard Tower
08:09 Arcane Tower
08:13 Scout Tower
08:53 Farm
08:59 Guard Tower
09:01 Scout Tower
09:07 Scout Tower
09:37 Guard Tower
09:39 Scout Tower
10:08 Guard Tower
10:11 Scout Tower
10:25 Farm
10:26 Guard Tower
10:29 Scout Tower
10:43 Guard Tower
10:45 Scout Tower
10:56 Guard Tower
10:59 Gryphon Aviary
11:36 Guard Tower
11:39 Scout Tower
12:39 Scout Tower
13:09 Guard Tower
13:12 Arcane Vault
13:15 Guard Tower
13:17 Scout Tower
13:22 Farm
13:53 Guard Tower
13:59 Scout Tower
14:03 Farm
15:01 Scout Tower
15:02 Scout Tower
15:41 Guard Tower
» items
| Scroll of Regeneration | 3 | |
| Lesser Clarity Potion | 1 | |
| Mechanical Critter | 1 | |
| Potion of Healing | 4 | |
| Boots of Speed | 1 | |
| Potion of Lesser Invulnerability | 1 | |
| Circlet of Nobility | 1 | |
| Scroll of Town Portal | 1 | |
13 total
team 2 (winner)

»
meAnne (
orange | 104 APM | 2444 actions | 23:28)
9 Far Seer
3 Feral Spirit
3 Chain Lighting
1 Earth Quake
2 Far Sight
» actions
| Assign group hotkey | 41 | |
| Basic commands | 1 | |
| Build / train | 77 | |
| Enter build submenu | 17 | |
| Enter hero's abilities submenu | 9 | |
| Give item / drop item | 2 | |
| Remove unit from queue | 2 | |
| Right click | 1210 | |
| Select / deselect | 304 | |
| Select group hotkey | 682 | |
| Use ability | 99 | |
2444 total
» units
| Peon | 11 | |
| Wind Rider | 17 | |
| Shaman | 6 | |
| Troll Witch Doctor | 3 | |
| Troll Batrider | 3 | |
40 total
» upgrades
| Ranged Weapons | 3 | |
| Armor | 4 | |
| Envenomed Spears | 1 | |
| Shaman Training | 2 | |
| Witch Doctor Training | 2 | |
| Liquid Fire | 1 | |
13 total
» buildings
| Orc Burrow | 7 | |
| Altar of Storms | 2 | |
| Barracks | 1 | |
| Stronghold | 1 | |
| Voodoo Lounge | 1 | |
| War Mill | 1 | |
| Fortress | 1 | |
| Beastiary | 2 | |
| Spirit Lodge | 2 | |
18 total
» build order
00:08 Orc Burrow
00:15 Altar of Storms
01:04 Altar of Storms
01:14 Barracks
01:46 Orc Burrow
02:36 Stronghold
03:06 Voodoo Lounge
04:03 War Mill
04:12 Orc Burrow
04:15 Orc Burrow
05:01 Fortress
05:05 Beastiary
05:08 Beastiary
06:22 Spirit Lodge
06:47 Spirit Lodge
07:43 Orc Burrow
08:07 Orc Burrow
09:05 Orc Burrow
» items
| Healing Salve | 6 | |
| Lesser Clarity Potion | 2 | |
| Scroll of Town Portal | 2 | |
| Scroll of Speed | 1 | |
| Potion of Healing | 1 | |
12 total

»
AKIL_AMMAR (
pink | 23 APM | 544 actions | 23:31)
4 Blademaster
2 Wind Walk
2 Critical Strike
» actions
| Assign group hotkey | 12 | |
| Basic commands | 57 | |
| Build / train | 59 | |
| ESC pressed | 4 | |
| Enter build submenu | 14 | |
| Enter hero's abilities submenu | 4 | |
| Right click | 94 | |
| Select / deselect | 93 | |
| Select group hotkey | 149 | |
| Use ability | 58 | |
544 total
» units
» upgrades
| Spiked Barricades | 2 | |
| Pulverize | 1 | |
3 total
» buildings
| Orc Burrow | 6 | |
| War Mill | 1 | |
| Watch Tower | 22 | |
| Altar of Storms | 1 | |
| Stronghold | 1 | |
| Fortress | 1 | |
| Voodoo Lounge | 1 | |
| Tauren Totem | 2 | |
| Barracks | 1 | |
36 total
» build order
00:25 Orc Burrow
00:30 War Mill
05:59 Watch Tower
06:00 Watch Tower
06:01 Watch Tower
06:01 Watch Tower
06:02 Watch Tower
06:03 Watch Tower
06:05 Watch Tower
06:06 Watch Tower
06:06 Watch Tower
06:07 Watch Tower
06:07 Watch Tower
06:08 Watch Tower
06:09 Watch Tower
06:10 Watch Tower
07:32 Altar of Storms
09:29 Stronghold
09:35 Orc Burrow
11:55 Fortress
12:28 Watch Tower
12:31 Watch Tower
13:59 Voodoo Lounge
15:41 Tauren Totem
15:41 Tauren Totem
16:03 Orc Burrow
16:04 Orc Burrow
16:04 Orc Burrow
18:43 Orc Burrow
19:18 Watch Tower
19:19 Watch Tower
19:19 Watch Tower
19:19 Watch Tower
19:20 Watch Tower
19:21 Watch Tower
21:13 Barracks
» items
| Lesser Clarity Potion | 1 | |
| Scroll of Regeneration | 3 | |
| Orb of Lightning | 1 | |
| Tiny Great Hall | 1 | |
| Potion of Healing | 2 | |
| Scroll of Town Portal | 2 | |
10 total
JakesBigOlMoobs (
purple | 54 APM | 2539 actions | 46:35)
10 Archmage
3 Summon Water Elemental
3 Brilliance Aura
1 Mass Teleport
3 Blizzard
» actions
| Assign group hotkey | 76 | |
| Basic commands | 102 | |
| Build / train | 88 | |
| Enter build submenu | 61 | |
| Enter hero's abilities submenu | 10 | |
| Give item / drop item | 8 | |
| Remove unit from queue | 1 | |
| Right click | 745 | |
| Select / deselect | 388 | |
| Select group hotkey | 672 | |
| Use ability | 388 | |
2539 total
» units
| Peasant | 14 | |
| Footman | 4 | |
| Goblin Shredder | 1 | |
| Gryphon Rider | 7 | |
| Dragonhawk Rider | 5 | |
31 total
» upgrades
| Masonry | 3 | |
| Swords | 3 | |
| Armor | 3 | |
| Animal War Training | 1 | |
| Storm Hammers | 1 | |
| Cloud | 1 | |
12 total
» buildings
| Altar of Kings | 1 | |
| Barracks | 1 | |
| Farm | 10 | |
| Keep | 2 | |
| Lumber Mill | 1 | |
| Town Hall | 4 | |
| Scout Tower | 64 | |
| Arcane Vault | 3 | |
| Guard Tower | 17 | |
| Castle | 1 | |
| Gryphon Aviary | 4 | |
| Blacksmith | 2 | |
110 total
» build order
00:50 Altar of Kings
00:53 Barracks
00:55 Farm
00:56 Farm
01:05 Farm
01:43 Farm
03:29 Keep
03:45 Lumber Mill
04:39 Town Hall
04:44 Scout Tower
04:44 Scout Tower
04:45 Scout Tower
04:48 Arcane Vault
04:58 Scout Tower
05:03 Scout Tower
05:13 Guard Tower
06:21 Keep
07:14 Castle
07:19 Guard Tower
08:39 Gryphon Aviary
08:40 Gryphon Aviary
08:41 Gryphon Aviary
08:41 Gryphon Aviary
08:45 Blacksmith
08:47 Blacksmith
10:57 Farm
14:11 Scout Tower
14:15 Scout Tower
14:17 Scout Tower
14:19 Scout Tower
14:20 Scout Tower
15:58 Guard Tower
16:08 Scout Tower
16:08 Scout Tower
16:08 Scout Tower
16:11 Scout Tower
16:13 Scout Tower
16:13 Scout Tower
16:14 Scout Tower
16:15 Scout Tower
16:15 Scout Tower
16:17 Scout Tower
16:18 Scout Tower
16:18 Scout Tower
16:20 Scout Tower
16:20 Scout Tower
16:21 Scout Tower
16:22 Scout Tower
16:23 Scout Tower
16:24 Scout Tower
16:25 Scout Tower
16:28 Scout Tower
16:29 Scout Tower
16:29 Scout Tower
16:29 Scout Tower
16:30 Scout Tower
17:01 Guard Tower
17:06 Guard Tower
17:07 Guard Tower
17:53 Guard Tower
18:03 Guard Tower
18:07 Guard Tower
19:05 Guard Tower
19:28 Guard Tower
19:46 Farm
19:48 Farm
19:50 Farm
19:53 Farm
19:55 Farm
20:18 Guard Tower
20:38 Town Hall
20:43 Scout Tower
20:43 Scout Tower
20:44 Scout Tower
20:48 Scout Tower
20:52 Scout Tower
20:52 Scout Tower
20:53 Scout Tower
20:55 Scout Tower
20:56 Scout Tower
20:56 Scout Tower
20:56 Scout Tower
21:00 Arcane Vault
23:15 Guard Tower
28:45 Town Hall
28:50 Scout Tower
28:51 Scout Tower
28:51 Scout Tower
28:52 Scout Tower
28:54 Scout Tower
28:55 Scout Tower
28:55 Scout Tower
28:55 Scout Tower
29:01 Arcane Vault
30:53 Guard Tower
40:41 Town Hall
40:46 Scout Tower
40:47 Scout Tower
40:48 Scout Tower
40:49 Scout Tower
40:56 Scout Tower
40:58 Scout Tower
40:58 Scout Tower
40:59 Scout Tower
40:59 Scout Tower
41:35 Guard Tower
41:41 Scout Tower
42:04 Guard Tower
42:08 Guard Tower
» items
| Scroll of Regeneration | 4 | |
| Mechanical Critter | 2 | |
| Periapt of Vitality | 1 | |
| Staff of Teleportation | 1 | |
| Potion of Lesser Invulnerability | 1 | |
| Healing Salve | 1 | |
| Orb of Lightning | 1 | |
| Potion of Healing | 1 | |
| Staff of Sanctuary | 1 | |
13 total

»
Mechwar91 (
yellow | 47 APM | 1977 actions | 42:19)
6 Priestess of the Moon
3 Trueshot Aura
2 Searing Arrows
1 Starfall
» actions
| Basic commands | 119 | |
| Build / train | 109 | |
| Enter build submenu | 36 | |
| Enter hero's abilities submenu | 6 | |
| Remove unit from queue | 11 | |
| Right click | 1133 | |
| Select / deselect | 500 | |
| Use ability | 63 | |
1977 total
» units
| Wisp | 13 | |
| Archer | 12 | |
| Goblin Shredder | 2 | |
| Chimaera | 16 | |
| Hippogryph | 28 | |
71 total
» upgrades
| Improved Bows | 1 | |
| Nature's Blessing | 1 | |
| Well Spring | 1 | |
| Corrosive Breath | 1 | |
| Strength of the Wild | 2 | |
| Reinforced Hides | 2 | |
| Ultravision | 1 | |
9 total
» buildings
| Moon Well | 13 | |
| Altar of Elders | 2 | |
| Ancient of War | 1 | |
| Tree of Ages | 2 | |
| Tree of Eternity | 2 | |
| Ancient of Wind | 2 | |
| Tree of Life | 1 | |
| Hunter's Hall | 1 | |
| Chimaera Roost | 2 | |
| Ancient of Wonders | 2 | |
| Ancient Protector | 6 | |
34 total
» build order
00:11 Moon Well
00:45 Altar of Elders
01:09 Ancient of War
01:38 Moon Well
02:37 Tree of Ages
02:47 Moon Well
03:46 Moon Well
05:21 Tree of Eternity
06:27 Ancient of Wind
06:48 Moon Well
07:23 Tree of Life
08:31 Hunter's Hall
08:36 Chimaera Roost
09:02 Chimaera Roost
10:24 Ancient of Wonders
11:31 Ancient Protector
11:33 Ancient Protector
11:35 Ancient Protector
13:58 Ancient Protector
14:01 Ancient Protector
14:09 Ancient Protector
14:28 Moon Well
17:45 Moon Well
17:48 Tree of Ages
18:39 Moon Well
18:44 Moon Well
19:00 Ancient of Wonders
22:06 Tree of Eternity
24:11 Ancient of Wind
34:23 Moon Well
34:24 Moon Well
34:26 Altar of Elders
34:29 Moon Well
35:46 Moon Well
» items
| Staff of Teleportation | 1 | |
| Scroll of Town Portal | 4 | |
| Potion of Healing | 1 | |
6 total
Chat log
(07:45 / Allies) meAnne: ty
(08:44 / Allies) Mechwar91: purp
(08:45 / Allies) Mechwar91: wood
(08:46 / Allies) Mechwar91: please
(10:31 / Allies) meAnne: hit
(13:34 / Allies) meAnne: hit before they go tanbks
(13:35 / Allies) meAnne: its 3v4
(15:28 / Allies) AKIL_AMMAR: wood me
(15:40 / All) FKNSLOWA.SSJAKE: chimbot yellow lol
(16:14 / Allies) meAnne: oits dead
(16:16 / Allies) meAnne: lest it go
(16:44 / Allies) Mechwar91: HELP
(16:45 / All) FKNSLOWA.SSJAKE: lol
(16:47 / All) FKNSLOWA.SSJAKE: hahaha
(17:06 / Allies) Mechwar91: THYE ARE ATKING MY CHIMS
(17:07 / Allies) Mechwar91: HGELLOP
(17:13 / Allies) AKIL_AMMAR: wood
(17:15 / All) FKNSLOWA.SSJAKE: TRAPPED LOL
(17:23 / Allies) meAnne: gold me yellow
(17:29 / Allies) Mechwar91: COME HELP ME ANED I WILL
(17:46 / All) FKNSLOWA.SSJAKE: hahahaha yellow
(18:17 / Allies) meAnne: gold pls
(18:18 / Allies) Mechwar91: GUYS
(18:18 / Allies) Mechwar91: WTF
(18:57 / Allies) meAnne: get tanks for pirple if u wanna win
(19:00 / Allies) meAnne: u dont play stupid
(19:10 / Allies) AKIL_AMMAR: wood
(19:16 / Allies) meAnne: no melee
(19:19 / Allies) meAnne: its air game
(19:41 / Allies) meAnne: so what if u tower they have cloud
(19:44 / Allies) meAnne: stupid
(20:14 / Allies) meAnne: watch
(20:14 / Allies) meAnne: haha
(20:17 / Allies) meAnne: idiot
(20:23 / Allies) meAnne: omg
(21:16 / Allies) AKIL_AMMAR: wood me
(22:11 / Allies) AKIL_AMMAR: shop
(23:55 / Allies) JakesBigOlMoobs: bring da chims
(25:57 / All) FKNSLOWA.SSJAKE: Yellow is a piggy back bitch trying to ride your success
(26:05 / All) FKNSLOWA.SSJAKE: baby back bitch
(26:30 / All) FKNSLOWA.SSJAKE: has he said anything all game?
(28:40 / All) FKNSLOWA.SSJAKE: Come here bitch
(30:33 / Allies) Mechwar91: come
(30:35 / Allies) Mechwar91: idiot
(30:39 / Allies) Mechwar91: so we can finish
(30:40 / Allies) JakesBigOlMoobs: I can tp onto you idiot
(30:47 / Allies) Mechwar91: i dont trust you
(30:49 / Allies) Mechwar91: fucking come
(31:24 / Allies) Mechwar91: COME NOW
(32:06 / Allies) Mechwar91: see
(32:13 / Allies) Mechwar91: you fucking peice of shit
(32:15 / Allies) Mechwar91: FUCKING HELp
(32:22 / Allies) Mechwar91: YOU ARE SCREWING OUR CHANCE OF WINING
(32:27 / Allies) JakesBigOlMoobs: how
(32:43 / Allies) Mechwar91: ARE YOU FUCKING RETARDED
(32:47 / Allies) Mechwar91: THEY JUST KILLED MY ENTIRE ARMY
(32:50 / Allies) JakesBigOlMoobs: what's your problem
(32:59 / Allies) Mechwar91: YOU JUST LET MY ARMY DIE
(33:10 / Allies) JakesBigOlMoobs: I was alt tabbed loading up porn tabs
(33:13 / Allies) Mechwar91: WHERE THE FUCK ARE YOU
(33:15 / Allies) Mechwar91: WTF MAN
(33:31 / Allies) Mechwar91: dude
(33:33 / Allies) Mechwar91: where th fuck are you
(33:34 / Allies) Mechwar91: fucki
(33:42 / All) Mechwar91: god damn it man
(33:45 / Allies) Mechwar91: fuckuing let me die?>
(33:46 / Allies) Mechwar91: seriously?>
(33:50 / Allies) Mechwar91: give me gold
(33:52 / Allies) JakesBigOlMoobs: Dude I was alt tabbed
(33:58 / Allies) Mechwar91: give me gfold
(33:59 / Allies) Mechwar91: now
(34:02 / Allies) JakesBigOlMoobs: Amy Reid's on the menu tonight bub
(34:06 / Allies) Mechwar91: now
(34:07 / Allies) Mechwar91: or else
(35:04 / All) JakesBigOlMoobs: Brb guys
(35:07 / Allies) Mechwar91: when they come
(35:18 / Allies) Mechwar91: DUDE
(35:19 / Allies) Mechwar91: WTF
(35:24 / Allies) Mechwar91: YOU ARE LETTING MY CHIMS ALONE
(35:25 / Allies) JakesBigOlMoobs: brb going on spankwire real fast
(35:26 / Allies) Mechwar91: DUDE
(35:30 / Allies) Mechwar91: FUCKING ASSHOLE
(35:33 / Allies) Mechwar91: GIVE ME CONTORL THEN
(37:15 / All) JakesBigOlMoobs: back
(37:18 / All) JakesBigOlMoobs: my dick is diamonds
(37:19 / All) JakesBigOlMoobs: WTF MAN
(37:22 / All) JakesBigOlMoobs: tk?|
(37:31 / All) FKNSLOWA.SSJAKE: yellow is a tker
(37:35 / All) FKNSLOWA.SSJAKE: he said in all chat he's going to tk you
(37:39 / All) JakesBigOlMoobs: not cool man
(37:42 / All) JakesBigOlMoobs: not cool at all
(37:46 / Allies) Mechwar91: YOU UFCKING DITCHED MY CHIMS
(37:48 / All) FKNSLOWA.SSJAKE: he was calling you a noob while you were gone dude
(37:51 / Allies) Mechwar91: RED JUST FUCKING KILLE DD THEM ALL
(37:54 / Allies) Mechwar91: FUCKING PURPLE
(37:54 / Allies) JakesBigOlMoobs: I told you I went afk real quick
(37:57 / Allies) Mechwar91: DO YOU NOT FUCKING UNDRSTAND
(38:01 / Allies) JakesBigOlMoobs: BRO
(38:03 / Allies) Mechwar91: ALL RIGHT YOU RETARD
(38:03 / Allies) JakesBigOlMoobs: I said I was aFK!
(38:05 / Allies) Mechwar91: LISTEN UO
(38:07 / Allies) JakesBigOlMoobs: you don't understand?
(38:08 / Allies) Mechwar91: YOU FUCKING TPED AWAY
(38:09 / Allies) JakesBigOlMoobs: No reason to tk!
(38:10 / Allies) Mechwar91: MY CHIMS
(38:13 / Allies) Mechwar91: WERE FUCKING LEFT ALONE
(38:15 / Allies) Mechwar91: MONEY
(38:16 / Allies) Mechwar91: NOW
(38:19 / Allies) Mechwar91: YOU FUCKING IDIOT
(38:21 / Allies) JakesBigOlMoobs: Apologize first
(38:24 / Allies) Mechwar91: GIVE ME SOME DAMN MONEY
(38:30 / Allies) Mechwar91: SO I CAN FUCKING GET A HERO
(38:30 / Allies) JakesBigOlMoobs: I want an apology
(38:31 / Allies) Mechwar91: TO HELP YOU
(38:34 / Allies) Mechwar91: YOU DID NOTHING
(38:38 / Allies) Mechwar91: BUT FUCKIKNG SCREW ME OVER
(38:41 / Allies) JakesBigOlMoobs: c'mon man apologize
(38:45 / Allies) JakesBigOlMoobs: no reason to try to kill my hero
(38:48 / Allies) Mechwar91: YOU DIDNT SAVE MY BASE WHEN IT WAS BEING ATTAKCKED
(38:53 / Allies) Mechwar91: YOU DIDNT FUCKING TP TO MY HERO
(38:58 / Allies) Mechwar91: KILLING MOST OF MY CHIMS
(39:00 / Allies) JakesBigOlMoobs: That was a base trade yo
(39:02 / Allies) Mechwar91: YOU TPED AWAY FROM MY CHIMS
(39:06 / Allies) JakesBigOlMoobs: Apologize, dude
(39:07 / Allies) Mechwar91: KILLING THE REST OF MY CHIMS
(39:13 / Allies) JakesBigOlMoobs: It was uncalled for what you did
(39:13 / Allies) Mechwar91: SINCE YOU DID NOT GIVE ANY PROTECTION
(39:18 / Allies) Mechwar91: FUCKING RETARDS LIKE YOU
(39:22 / Allies) Mechwar91: SCREW OVE THE TEAM
(39:23 / Allies) Mechwar91: NOW
(39:27 / Allies) Mechwar91: IM NOT GOING TO APOLOGIZE
(39:30 / Allies) Mechwar91: YOU NEED TO GIVE ME MONEY
(39:31 / Allies) Mechwar91: NOW
(39:39 / Allies) Mechwar91: YOU FUCKING OWE ME
(39:43 / Allies) JakesBigOlMoobs: Apologize
(39:48 / Allies) Mechwar91: No
(39:54 / Allies) JakesBigOlMoobs: Not one golden nugget till you apologize
(39:54 / Allies) Mechwar91: You owe me
(39:59 / Allies) Mechwar91: then
(40:01 / Allies) Mechwar91: fuck you
(40:05 / Allies) JakesBigOlMoobs: what you did was uncalled for
(40:11 / Allies) Mechwar91: no
(40:17 / Allies) Mechwar91: it was most certainly called for
(40:20 / Allies) Mechwar91: you fucking left
(40:22 / Allies) Mechwar91: over and over?
(40:25 / Allies) Mechwar91: are you fucking mad?
(40:25 / Allies) JakesBigOlMoobs: You tried to tk dude
(40:28 / Allies) JakesBigOlMoobs: not cool man
(40:30 / Allies) JakesBigOlMoobs: not cool at all
(40:31 / Allies) Mechwar91: and human being
(40:35 / Allies) Mechwar91: to not put two and two together?
(40:38 / Allies) JakesBigOlMoobs: not cool man
(40:41 / Allies) Mechwar91: FUCKING MORON
(40:45 / Allies) Mechwar91: ARE YOU THAT FUCKING STUPID?
(41:26 / Allies) JakesBigOlMoobs: you seriously owe me an apology
(41:30 / Allies) Mechwar91: no
(41:32 / Allies) JakesBigOlMoobs: then we can work towards being a team again
(41:33 / Allies) Mechwar91: i already told you
(41:35 / Allies) Mechwar91: fuck
(41:36 / Allies) Mechwar91: YOU
(41:39 / Allies) Mechwar91: nah
(41:46 / Allies) Mechwar91: you are a stupid human being
(41:50 / Allies) JakesBigOlMoobs: you're being a big baby
(41:52 / Allies) Mechwar91: you should just suicide
(41:53 / Allies) JakesBigOlMoobs: a child
(41:56 / Allies) Mechwar91: i cant believe stupid cunts like you
(41:57 / Allies) JakesBigOlMoobs: what you did was childish
(41:58 / Allies) Mechwar91: exist
(42:00 / Allies) JakesBigOlMoobs: totally uncalled for
(42:05 / Allies) Mechwar91: just kill yoruself man
(42:11 / Allies) Mechwar91: you are a waste of human breath
(42:15 / Allies) JakesBigOlMoobs: You're acting like a little kid
(42:31 / All) FKNSLOWA.SSJAKE: Bad luck for you teal
(42:33 / All) FKNSLOWA.SSJAKE: You lose
(42:36 / All) FKNSLOWA.SSJAKE: look at our usernames
(43:12 / All) FKNSLOWA.SSJAKE: I'm killing all my own buildings
(43:14 / All) FKNSLOWA.SSJAKE: you lose scrub
(43:37 / All) FKNSLOWA.SSJAKE: Purp reveal
(43:56 / All) FKNSLOWA.SSJAKE: Teal we were in this together from the start you fool
(43:59 / All) FKNSLOWA.SSJAKE: You are the only player left
(44:02 / All) FKNSLOWA.SSJAKE: you must lose
(44:04 / All) JakesBigOlMoobs: he's whispering me
(44:09 / All) FKNSLOWA.SSJAKE: take screenshots
(45:06 / All) p-0-p: red is destroying himself
(45:11 / All) p-0-p: u got this puro
(45:16 / All) FKNSLOWA.SSJAKE: no shit have you read anything I said?
(45:24 / All) FKNSLOWA.SSJAKE: you are very smart teal
(45:39 / All) p-0-p: wtf wrongs with u
(45:51 / All) FKNSLOWA.SSJAKE: Teal is a retard noob
(45:59 / All) FKNSLOWA.SSJAKE: Doesn't even read the chat
(46:00 / All) p-0-p: fuck u red
(46:06 / All) FKNSLOWA.SSJAKE: Nice
(46:08 / All) FKNSLOWA.SSJAKE: who loses?
(46:15 / All) JakesBigOlMoobs: I want to tell yellow I won without his help lol
(46:28 / All) FKNSLOWA.SSJAKE: so I leave?
(46:30 / All) JakesBigOlMoobs: yeah
(46:32 / All) FKNSLOWA.SSJAKE: k